 Dungeon Crawl Stone Soup version 0.22-a0-374-g5dfd9e3911 (webtiles) character file.

634 Flugkiller the Caller (level 7, -1/46 HPs)
             Began as a Mummy Summoner on Apr 26, 2018.
             Was an Initiate of Ashenzari.
             Slain by an orc warrior
             ... wielding a +0 dire flail
              (11 damage)
             ... on level 6 of the Dungeon.
             The game lasted 00:13:16 (7418 turns).

Flugkiller the Caller (Mummy Summoner)              Turns: 7418, Time: 00:13:17

Health: -1/46      AC: 10    Str: 11    XL:     7   Next: 24%
Magic:  8/11       EV: 11    Int: 16    God:    Ashenzari [......]
Gold:   199        SH:  0    Dex: 13    Spells: 2/12 levels left

rFire    x . .     SeeInvis .   l - +0 dagger (venom)
rCold    + . .     Gourm    .   (no shield)
rNeg     + + +     Faith    .   h - +2 leather armour {rPois}
rPois    ∞         Spirit   .   j - +0 helmet
rElec    .         Reflect  .   (no cloak)
rCorr    .         Harm     .   b - +0 pair of gloves
MR       .....                  o - +2 pair of boots
Stlth    ++........             (no amulet)
HPRegen  0.15/turn              (no ring)
MPRegen  0.12/turn              (no ring)

@: no status effects
A: no food or potions, fire vulnerability, cold resistance 1, negative energy
resistance 3, torment resistance, unbreathing
a: Curse Item, Renounce Religion


You were on level 6 of the Dungeon.
You worshipped Ashenzari.
Ashenzari was noncommittal.
You were not hungry.

You visited 2 branches of the dungeon, and saw 7 of its levels.

You collected 199 gold pieces.

Inventory:

Hand Weapons
 k - a +0 dagger of draining
 l - a +0 dagger of venom (weapon)
Armour
 a - a +0 robe
 b - a +0 pair of gloves (worn)
 h - a +2 leather armour of poison resistance (worn)
 j - a +0 helmet (worn)
 m - a +0 buckler
 o - a +2 pair of boots (worn)
Wands
 i - a wand of random effects (47)
Scrolls
 c - 2 scrolls of magic mapping
 d - 2 scrolls of amnesia
 e - 2 scrolls of fog
 f - 3 scrolls of immolation
 g - 2 scrolls of enchant weapon
 n - a scroll of blinking
 p - a scroll of remove curse
 q - 2 scrolls of teleportation
 r - a scroll of enchant armour


   Skills:
 - Level 1.5 Dodging
 - Level 1.5 Stealth
 - Level 3.0 Spellcasting
 + Level 6.5 Summonings
 * Level 3.1 Air Magic


You had 2 spell levels left.
You knew the following spells:

 Your Spells              Type           Power        Failure   Level  Hunger
a - Summon Small Mammal   Summ           ###.         1%          1    N/A
b - Call Imp              Summ           ###.....     2%          2    N/A
c - Call Canine Familiar  Summ           ###.....     4%          3    N/A
d - Summon Lightning Spi  Summ/Air       ###.....     34%         4    N/A

Dungeon Overview and Level Annotations

Branches:
Dungeon (6/15)             Temple (1/1) D:5

Altars:
Ashenzari
Cheibriados
Dithmenos
Fedhas
Gozag
Hepliaklqana
Makhleb
Okawaru
Qazlal
Ru
Trog
Uskayaw
Vehumet
Wu Jian
Yredelemnul
Zin
The Shining One

Annotations:
D:3 1 runed door, Execuda's ghost, amateur MiHu


Innate Abilities, Weirdness & Mutations

You do not eat or drink.
Your flesh is vulnerable to fire.
You are immune to poison.
Your flesh is cold resistant. (rC+)
You are immune to negative energy. (rN+++)
You are immune to unholy pain and torment.
You can survive without breathing.


Message History

An orc priest comes into view. It is wielding a flail.
Your hound bites the orc warrior but does no damage.
Your white imp hits the orc warrior but does no damage.
Things that are here:
an uncursed falchion; an uncursed leather armour; a golden potion Your hound bites the orc warrior.
Your hound bites the orc warrior but does no damage.
The orc hits your hound with a falchion.
Your white imp hits the orc but does no damage.
Your hound barely misses the orc warrior.
Your white imp gestures at the orc warrior.
The puff of frost hits the orc.
The orc dies!
There is a stone staircase leading up here.
Your hound barely misses the orc warrior.
The orc priest closely misses your hound.
Your white imp hits the orc priest.
Your white imp freezes the orc priest.
There is a stone staircase leading up here.
The orc warrior hits you with a dire flail!
You die...

#.#.# #.. #.#.# #..##
#.#.### #...# #../..#
#.#.# #o#.#.#...
#.#.# #5h.....# #.#.#
#.#.#......
#####.#.###5.........
#...!.@oh)o.#####.#.#
#.###....)...≈.....)#
###.###.≈≈♣#.#### #.#
#≈≈≈♣ #.# ♣P≈≈≈≈ #.#
♣≈≈PP≈≈ #.# P≈≈≈≈≈≈♣
#.# ≈≈≈≈≈≈≈ #.#


You could see an orc warrior, an orc priest, a friendly hound and a friendly
white imp.

Vanquished Creatures
  A howler monkey (D:4)
  A hound (D:5)
  A bullfrog skeleton (D:5)
  Natasha (D:2)
  2 worker ants (D:5)
  An adder (D:3)
  2 worms (D:3)
  3 dart slugs (D:2)
  4 orcs (D:3)
  A hobgoblin (D:3)
  3 jackals (D:3)
  4 frilled lizards
  4 goblins
  4 rats
32 creatures vanquished.

Vanquished Creatures (collateral kills)
  Eustachio (D:6)
  A phantom (D:4)
  2 ogres
  A bullfrog (D:5)
  A bullfrog zombie (D:2)
  A crimson imp (D:5)
  A centaur skeleton (D:4)
  Jessica (D:3)
  Terence (D:2)
  2 orc wizards (D:4)
  A worker ant (D:3)
  Robin (D:2)
  A worker ant zombie (D:5)
  A howler monkey skeleton (D:4)
  3 adders
  4 leopard geckos
  3 orcs
  A ball python (D:2)
  9 bats
  5 giant cockroaches
  11 goblins
  13 hobgoblins
  A quokka (D:4)
  4 frilled lizards
  A jackal skeleton (D:5)
  3 kobolds
  6 rats
80 creatures vanquished.

Grand Total: 112 creatures vanquished

Notes
Turn   | Place    | Note
-------+----------+-------------------------------------------
     0 | D:1      | Flugkiller the Mummy Summoner began the quest for the Orb.
     0 | D:1      | Reached XP level 1. HP: 13/13 MP: 4/4
  1007 | D:1      | Reached XP level 2. HP: 12/19 MP: 3/6
  1035 | D:1      | Learned a level 2 spell: Call Imp
  2434 | D:2      | Noticed an ogre
  2443 | D:2      | Reached skill level 4 in Summonings
  2817 | D:2      | Reached XP level 3. HP: 19/24 MP: 2/7
  2867 | D:2      | Learned a level 3 spell: Call Canine Familiar
  3246 | D:2      | Noticed Terence
  3286 | D:2      | Killed Terence
  3390 | D:2      | Reached XP level 4. HP: 30/30 MP: 4/8
  3600 | D:2      | Noticed Robin
  3727 | D:2      | Killed Robin
  3848 | D:2      | Killed an ogre
  3848 | D:2      | Reached skill level 5 in Summonings
  4034 | D:2      | Reached XP level 5. HP: 34/35 MP: 9/9
  4044 | D:2      | Noticed Natasha
  4057 | D:2      | Killed Natasha
  4371 | D:3      | Noticed Execuda's ghost (amateur MiHu)
  4972 | D:3      | Found a runed door.
  5249 | D:3      | Noticed Jessica
  5272 | D:3      | Killed Jessica
  5896 | D:4      | Reached skill level 6 in Summonings
  5915 | D:4      | Reached XP level 6. HP: 27/41 MP: 7/10
  6023 | D:4      | Learned a level 4 spell: Summon Lightning Spire
  6354 | D:4      | Reached skill level 1 in Air Magic
  6420 | D:5      | Entered Level 5 of the Dungeon
  6457 | D:5      | Found a staircase to the Ecumenical Temple.
  6466 | Temple   | Entered the Ecumenical Temple
  6559 | Temple   | Became a worshipper of Ashenzari the Shackled
  7066 | D:5      | Reached XP level 7. HP: 28/46 MP: 6/11
  7384 | D:6      | Noticed Eustachio
  7391 | D:6      | Killed Eustachio
  7418 | D:6      | Slain by an orc warrior

Vault maps used:
D:1:      lemuel_arrival_behind_the_door_small
D:2:      grunt_ministairs_15, uniq_robin, uniq_terence, uniq_natasha
D:3:      first_ration, uniq_crazy_yiuf_cottage, uniq_jessica
D:5:      temple_hall, hangedman_decor_lopped
D:6:      minitemple, serial_shops, shop, nicolae_shop_window_shopping,
          nicolae_shop_window_shopping, kennysheep_mini, serial_bayou_lagoon_b,
          uniq_eustachio
Temple:   minmay_crystal_spiral_temple

Skill      XL: |  1  2  3  4  5  6  7 |
---------------+----------------------+-----
Spellcasting   | 3 |  3.0
Summonings     | 4 5 6 |  6.5
Air Magic      | 2 3 |  3.1
Dodging        | |  1.5
Stealth        | |  1.5

Action                   |  1- 3 |  4- 6 |  7- 9 || total
-------------------------+-------+-------+-------++-------
Melee: Unarmed           |     9 |       |       ||     9
       Dagger            |       |   128 |    17 ||   145
 Cast: Summon Small Mamm |    26 |       |       ||    26
       Call Imp          |    28 |    23 |     3 ||    54
       Call Canine Famil |     7 |    21 |     2 ||    30
  Use: Scroll            |       |     9 |       ||     9
 Stab: Distracted        |       |     1 |       ||     1
Armor: Robe              |    15 |       |       ||    15
       Leather armour    |    14 |    56 |     6 ||    76
Dodge: Dodged            |    35 |    84 |     7 ||   126

Table legend:
 A = Spawn XP
 B = Non-spawn XP
 C = Spawn XP percentage of total XP
 D = Spawn monster count
 E = Non-spawn monster count
 F = Spawn count percentage of total count
 G = Total turns spent on level
                    A         B        C        D         E        F      G
               +---------+---------+-------+---------+---------+-------+---------
         Total |       0 |     906 |   0.0 |       0 |     112 |   0.0 |  7418
               +---------+---------+-------+---------+---------+-------+---------
           D:1 |       0 |      36 |   0.0 |       0 |      27 |   0.0 |  2774
           D:2 |       0 |     204 |   0.0 |       0 |      44 |   0.0 |  1551
           D:3 |       0 |      86 |   0.0 |       0 |      20 |   0.0 |  1462
           D:4 |       0 |     192 |   0.0 |       0 |       9 |   0.0 |   653
           D:5 |       0 |     285 |   0.0 |       0 |       9 |   0.0 |   765
           D:6 |       0 |     103 |   0.0 |       0 |       3 |   0.0 |    34
               +---------+---------+-------+---------+---------+-------+---------
